[Event "EIBCC 2024"]
[Site "Skopje"]
[Date "2024.12.09"]
[Round "3.10"]
[White "Domingo Nunez, Ruben"]
[Black "Pultinevicius, Paulius"]
[Result "1/2-1/2"]
[Annotator "TA"]
[ECO "B11"]
[WhiteElo "2409"]
[BlackElo "2579"]
[PlyCount "72"]
[EventDate "2024.12.07"]
[EventCountry "MKD"]
[SourceTitle "playchess.com"]
[Source "ChessBase"]
[SourceQuality "1"]
[TimeControl "180+2"]

1. e4 c6 2. Nf3 d5 3. Nc3 Bg4 4. h3 Bxf3 5. Qxf3 e6 6. g3 Nd7 7. Bg2 g6 8. d4 Bg7 {[%emt 0:00:02] White has an edge.} 9. Be3 Ne7 10. O-O Qb6 11. Rab1 ({Better is} 11. b3 $11) 11... O-O ({Black should play} 11... Bxd4 $15 12. Bh6 Rg8) 12. Rfd1 $11 dxe4 13. Nxe4 {[%emt 0:00:02][%cal Od4d5] next d5! is good for White.} Nf5 14. c3 e5 {[%emt 0:00:20] [#] Dodges Bf4} (14... Nxe3 $11 {keeps the balance.} 15. Qxe3 Rad8) 15. dxe5 $1 $16 Nxe5 16. Bxb6 {[%emt 0:00:02] A strong pair of Bishops.} Nxf3+ 17. Bxf3 axb6 18. a3 Rad8 19. Bg4 Ne7 {[%emt 0:00:12] And now ...f5 would win.} 20. Nd6 Rb8 21. Nc4 b5 22. Nb6 {[%emt 0:00:01] Black must now prevent Nd7.} Rfd8 23. Nd7 Ra8 24. Nc5 $36 {[%emt 0:00:01][%mdl 2048] White fights for an advantage.} b6 25. Nb7 Rdb8 26. Rd7 Nd5 27. Bf3 Ra7 {[%emt 0:00:16] [#]} (27... Nf6 $14 28. Rd2 Rxb7 29. Bxc6 Raa7) 28. Rd8+ $1 Rxd8 29. Nxd8 Rd7 30. Nxc6 {[%emt 0:00:03] Bxd5 is the strong threat.} Nf6 31. Rd1 Rc7 (31... Rxd1+ {is a better defense.} 32. Bxd1 h5 33. Ne7+ Kf8) 32. Rd8+ $18 Bf8 33. Nd4 Rc5 34. Rb8 Nd7 35. Rb7 Ne5 36. Be2 {[%emt 0:00:04] Wards off Nd3} ({Don't play} 36. Rxb6 Nd3 37. Rxb5 (37. Nxb5 Nxb2 38. Rb7 Nc4 $18) 37... Rxb5 38. Nxb5 Nxb2 $18) 36... Rd5 {[%emt 0:00:00][%mdl 32768] Weighted Error Value: White=0.08 (flawless) /Black=0.24 (precise) .  Mistake:       	White=1     	Black=4      Inaccurate:     	White=1     	Black=3      OK:         	White=17    	Black=14     Best:        	---       	Black=3      Strong:       	White=2     	---       . An unexpected result.} 1/2-1/2

[Event "EIBCC 2024"]
[Site "Skopje"]
[Date "2024.12.09"]
[Round "3.11"]
[White "Kadric, Denis"]
[Black "Mohr, Georg"]
[Result "0-1"]
[Annotator "TA"]
[ECO "B23"]
[WhiteElo "2544"]
[BlackElo "2385"]
[PlyCount "100"]
[EventDate "2024.12.07"]
[EventCountry "MKD"]
[SourceTitle "playchess.com"]
[Source "ChessBase"]
[SourceQuality "1"]
[TimeControl "180+2"]

1. e4 c5 2. Nc3 e6 3. Nge2 Nc6 4. g3 d5 5. exd5 exd5 6. d4 {[%emt 0:00:00] B23: Closed Sicilian: Lines without g3.} Nf6 7. Be3 cxd4 8. Bxd4 Nxd4 9. Qxd4 Qb6 $146 ({Predecessor:} 9... Qa5 10. O-O-O Bc5 11. Qe5+ Be6 12. Bh3 O-O 13. Bxe6 fxe6 14. Nd4 Bxd4 15. Qxe6+ Rf7 16. Rxd4 {1-0 Indjic,A (2630)-Moiseenko,A (2582) Bundesliga 2223 2022 (3.3)}) 10. Qxb6 (10. Nxd5 $2 Qxd4 11. Nxd4 Nxd5 $19) 10... axb6 11. Bg2 Be6 12. O-O-O O-O-O 13. Nf4 d4 (13... Bg4 $16 {was called for.}) 14. Nxe6 $18 fxe6 {[%emt 0:00:01] [#]} 15. Nb5 $1 Bc5 16. Rhe1 Ng4 (16... Rhe8 $16 17. Bh3 d3 18. cxd3 (18. Rxd3 Bxf2 19. Rxd8+ Rxd8 $18) (18. Rxe6 Kb8 $18) 18... Bxf2) 17. Rxe6 $18 Nxf2 18. Rd2 Rhf8 {[%emt 0:00:16] [#]} 19. a3 $1 d3 (19... Rf7 {keeps fighting.} 20. b4 Be7 21. Rxe7 (21. Rxb6 Bg5 $16) (21. Rxd4 Rxd4 22. Nxd4 Ng4 $18) 21... Rxe7) 20. b4 $18 Bd4 $2 (20... Kd7) 21. cxd3 Bf6 22. Rc2+ Kb8 23. Rxb6 (23. Rxf2 $18 {is more deadly.} Bg5+ 24. Rf4 (24. Rd2 $2 Rxd3 25. Rxb6 Rf7 $19)) 23... Nxd3+ $16 24. Kb1 Rd7 25. Nd6 (25. Rd2 $16) 25... Ne1 $11 26. Re2 $2 (26. Rxb7+ Rxb7 27. Nxb7 Nxc2 28. Kxc2 Be5 $19) (26. Bh3 $11 {and White stays safe.} Nxc2 27. Bxd7 Nxa3+ 28. Ka2) 26... Nxg2 $19 27. Rxg2 Bd8 28. Nc4 $2 (28. Rxb7+ Rxb7 29. Nxb7 Kxb7 30. Rd2) 28... Bxb6 $19 29. Nxb6 Rd4 30. Kb2 Rfd8 31. Kb3 (31. Kc2 $142) 31... Rd3+ $19 32. Ka4 Rd2 33. Rg1 Rd1 34. Rxd1 Rxd1 35. Nc4 Kc7 36. Kb5 (36. Ne5 $142) 36... Rh1 (36... Rd5+ $142 37. Ka4 b5+ 38. Kb3 Rd3+ (38... bxc4+ $2 39. Kxc4 Rd2 40. h4 $19) 39. Kc2 bxc4) 37. h4 Rg1 38. Ne3 Rxg3 39. Nd5+ Kb8 40. a4 Rh3 41. Kc5 Rxh4 42. a5 Rh5 43. b5 g5 44. Nf6 Rh6 45. Nd7+ Kc7 46. Ne5 Rh5 47. b6+ Kc8 48. Nf7 g4+ 49. Kb4 g3 50. Nd6+ Kb8 0-1

[Event "EIBCC 2024"]
[Site "Skopje"]
[Date "2024.12.09"]
[Round "3.12"]
[White "Hamitevici, Vladimir"]
[Black "Alonso Rosell, Alvar"]
[Result "0-1"]
[Annotator "TA"]
[ECO "A36"]
[WhiteElo "2423"]
[BlackElo "2532"]
[PlyCount "45"]
[EventDate "2024.12.07"]
[EventCountry "MKD"]
[SourceTitle "playchess.com"]
[Source "ChessBase"]
[SourceQuality "1"]
[TimeControl "180+2"]

1. c4 c5 2. g3 Nf6 3. Bg2 Nc6 4. Nc3 g6 5. d3 d6 6. b3 Bg7 7. Bb2 Bd7 8. e3 {[%emt 0:00:29] The position is equal.} Rb8 9. Nge2 h5 10. h3 a6 11. Qd2 b5 12. Nd5 e6 13. Ndc3 (13. Nxf6+ $14 {deserves consideration.} Bxf6 14. Bxf6 Qxf6 15. O-O) 13... Qe7 14. O-O e5 15. f4 O-O 16. Rae1 Qd8 17. Kh2 Nh7 (17... Ne7 $11 {remains equal.}) 18. Ne4 ({White should play} 18. fxe5 $16 Bxe5 19. Rd1) 18... f5 $2 (18... Bf5 $14) 19. Nxd6 $18 Qe7 20. Bd5+ Kh8 {[%emt 0:00:01] [#]} 21. Nf7+ Rxf7 $11 22. Bxf7 ({Better is} 22. fxe5 $11 Nf8 23. Nf4) 22... Qxf7 $15 23. fxe5 {[%emt 0:00:06] Weighted Error Value: White=0.36/Black=0.32.  Loses game:     	---       	Black=1      Missed win:     	White=1     	---        Mistake:       	White=3     	Black=1      Inaccurate:     	White=1     	Black=2      OK:         	White=5     	Black=4      Best:        	---       	Black=1} 0-1

[Event "EIBCC 2024"]
[Site "Skopje"]
[Date "2024.12.09"]
[Round "3.14"]
[White "Nevednichy, Vladislav"]
[Black "Muradli, Mahammad"]
[Result "0-1"]
[Annotator "TA"]
[ECO "B52"]
[WhiteElo "2451"]
[BlackElo "2588"]
[PlyCount "94"]
[EventDate "2024.12.07"]
[EventCountry "MKD"]
[SourceTitle "playchess.com"]
[Source "ChessBase"]
[SourceQuality "1"]
[TimeControl "180+2"]

1. e4 c5 2. Nf3 d6 3. Bb5+ Bd7 4. c4 Nf6 5. Nc3 g6 6. d4 cxd4 7. Nxd4 Nc6 8. O-O {[%emt 0:00:18][%cal Oc4c5] The position is equal.} Bg7 9. Bxc6 bxc6 10. h3 O-O 11. Be3 c5 12. Nde2 Bc6 13. f3 Nd7 14. Qd2 Re8 15. b3 Qb6 16. Rab1 Qb7 17. Bh6 Bh8 18. h4 Ne5 {[%emt 0:00:10] [#]} 19. h5 $1 Bd7 (19... Qd7 20. hxg6) 20. Nd5 Nc6 21. Bg5 Be6 22. hxg6 hxg6 23. Be3 (23. Kf2 {is interesting.} Bxd5 24. Rh1 Bg7 25. exd5 Nd4 26. Qf4) 23... a5 24. a4 (24. Kf2 $16) 24... Bxd5 $14 25. exd5 Nb4 26. Nc3 e6 27. Ne4 Qc7 28. dxe6 Rxe6 29. Bf4 (29. Bf2 $11) 29... Bd4+ $15 30. Kh2 (30. Kh1 $17 {was worth a try.}) 30... Rae8 $19 {[%emt 0:00:01] White must now prevent ...Qe7.} 31. g4 f6 $2 (31... Qe7 $19 32. Kh1 d5) 32. Kg3 $2 (32. Rbe1 $15 Qd7 33. Be3 (33. Nxd6 $2 Rxe1 34. Rxe1 Rxe1 $19)) 32... g5 33. Be3 (33. Bxg5 fxg5 34. Qxg5+ Qg7 35. Qxg7+ Kxg7 36. g5) 33... d5+ 34. Kg2 dxe4 35. f4 Bxe3 36. Qxe3 gxf4 37. Rxf4 Nc2 38. Qg3 Nd4 39. Re1 e3 {[%emt 0:00:01][%cal Oe3e2] [#] Threatens to win with ...e2!} 40. g5 fxg5 (40... Nxb3 41. gxf6+ Kf8 42. Rh1 (42. f7 Qb7+ 43. Kg1 Qxf7 $16) 42... Qb7+ 43. Kg1 Re5 44. Rh8+ Kf7 45. Qg7+ Ke6 46. Rxe8+ (46. Qxb7 Rg5+ 47. Kf1 e2+ 48. Kxe2 Re5+ 49. Kf2 Kd6 50. Rxe8 Rxe8) 46... Kd6 47. f7 (47. Qxb7 Rxe8 48. f7 Rd8 49. Re4 Nd4 50. Qd5+ Kc7 51. Re7+ Rd7 52. Rxd7+ Kc8 53. f8=Q#)) 41. Qxg5+ Qg7 42. Rg4 Qxg5 43. Rxg5+ Kf7 {[%emt 0:00:01] ( -> ...Rf6)} 44. Rxc5 e2 {[%emt 0:00:03] Black mates.} 45. Rxa5 Nc2 46. Rc1 e1=Q 47. Rxe1 Nxe1+ {[%emt 0:00:02] Weighted Error Value: White=0.83/Black=0.42.  Loses game:     	White=1     	---        Missed win:     	---       	Black=1      Mistake:       	White=4     	---        Inaccurate:     	White=4     	Black=4      OK:         	White=10    	Black=12     Best:        	---       	Black=1} 0-1

[Event "EIBCC 2024"]
[Site "Skopje"]
[Date "2024.12.09"]
[Round "3.15"]
[White "Dardha, Daniel"]
[Black "Larkin, Vladyslav"]
[Result "0-1"]
[Annotator "TA"]
[ECO "A53"]
[WhiteElo "2639"]
[BlackElo "2449"]
[PlyCount "222"]
[EventDate "2024.12.07"]
[EventCountry "MKD"]
[SourceTitle "playchess.com"]
[Source "ChessBase"]
[SourceQuality "1"]
[TimeControl "180+2"]

1. d4 d6 2. Nf3 Bg4 3. e3 c6 4. Be2 Nd7 5. h3 Bh5 6. c4 Ngf6 7. Nc3 e5 8. g4 {[%emt 0:00:10] A53: Old Indian Defence without Nf3.} Bg6 9. Nh4 Be4 $146 ({Predecessor:} 9... Ne4 10. Nxg6 Nxc3 11. bxc3 hxg6 12. Bf3 Qc7 13. Qb3 O-O-O 14. Ba3 f5 15. Rb1 e4 {½-½ Ogloblin,N (2346)-Ivanisevic,I (2604) Titled Tuesday intern op 28th Apr blitz 2020 (5)}) 10. Nxe4 Nxe4 11. Nf3 Be7 12. Qc2 Nef6 13. g5 Nh5 14. h4 g6 15. Bd2 Qc7 16. O-O-O O-O-O 17. Kb1 Kb8 18. Bc3 Rhe8 19. c5 e4 20. cxd6 Bxd6 21. Nd2 f5 22. Nc4 Nb6 23. Ba5 Ng7 24. Qb3 Qe7 25. Bxb6 axb6 26. Nxb6 Bc7 27. Na4 Bd6 28. Rc1 Qc7 29. d5 c5 30. Bb5 Re7 31. Bc6 Qa5 32. Bb5 Rc7 33. Rc4 Qd2 34. Rc2 Qa5 35. Nc3 Be5 36. Be2 Bxc3 37. Rxc3 Ne8 38. h5 Nd6 39. hxg6 hxg6 40. Rh6 Rg8 41. a3 Rcc8 42. Rh7 Rc7 43. Rh1 Rcc8 44. Ka2 Rc7 45. Rc2 Rgc8 46. Rh6 c4 47. Qc3 Qxd5 48. Rd2 Qe6 49. Ka1 Nb5 50. Qf6 Qxf6 51. gxf6 c3 52. bxc3 Nxc3 53. Rxg6 Rc6 54. Rb2 Na4 55. Rd2 Rb6 56. Rg1 Rxf6 57. Rb1 Nc3 58. Rb4 Rfc6 59. Kb2 Rc5 60. Bh5 R8c7 (60... Nd5 $5 61. Rb3 $8 R8c7 $11) 61. Be8 Nd5 62. Rbd4 Nb6 63. Ka2 Nc4 64. Rc2 Ne5 65. Rxc5 Rxc5 66. Ba4 Nd3 67. f4 Ka7 68. Bb3 Nc1+ 69. Kb2 Nxb3 70. Kxb3 Ka6 71. Kb4 Rb5+ 72. Kc4 Ra5 73. Rd6+ b6 74. Kb3 Rb5+ 75. Kc2 Rc5+ 76. Kd2 Rb5 77. Rf6 Ka5 78. Kc3 Ka4 79. Rf8 Rc5+ 80. Kb2 Rd5 81. Ra8+ Kb5 82. Kc2 Rd3 83. Rf8 Rxe3 84. Rxf5+ Kc4 85. Re5 Kd4 86. Re8 $2 (86. Re6 $11 {and White is okay.}) 86... Rxa3 $19 87. f5 Rf3 88. Re6 (88. Rd8+ $142 Ke5 89. Rb8 Kxf5 (89... Rxf5 90. Rxb6 Kf4 91. Kd2 $11) 90. Kd1) 88... b5 89. f6 b4 90. Rb6 Rf2+ 91. Kb3 e3 92. Re6 Kd3 93. Kxb4 e2 94. Kc5 Rxf6 95. Rxf6 e1=Q ({Stronger than} 95... e1=R 96. Rh6 $11) 96. Rd6+ Kc3 97. Kc6 Qe4+ 98. Kb5 Qe5+ 99. Kc6 Kc4 100. Kd7 Kc5 101. Re6 Qf5 102. Ke7 Qh7+ 103. Kf6 Kd5 104. Re5+ Kd6 105. Re6+ Kd7 106. Re5 Qh6+ 107. Kf5 Kd6 108. Re4 Qh5+ 109. Kf4 Kd5 110. Re3 Qh4+ 111. Kf5 Qf2+ 0-1

[Event "EIBCC 2024"]
[Site "Skopje"]
[Date "2024.12.09"]
[Round "3.16"]
[White "Kilic, Eray"]
[Black "Kazakouski, Valery"]
[Result "0-1"]
[Annotator "TA"]
[ECO "B13"]
[WhiteElo "2459"]
[BlackElo "2567"]
[PlyCount "94"]
[EventDate "2024.12.07"]
[EventCountry "MKD"]
[SourceTitle "playchess.com"]
[Source "ChessBase"]
[SourceQuality "1"]
[TimeControl "180+2"]

1. d4 Nf6 2. Nc3 d5 3. Bf4 c5 4. e3 cxd4 5. exd4 a6 6. Nf3 {[%emt 0:00:01] B13: Caro-Kann: Exchange Variation and Panov-Botvinnik Attack.} Nc6 7. Ne5 e6 8. g4 Bd6 $146 ({Predecessor:} 8... Be7 9. g5 Nd7 10. Nf3 Nf8 11. h4 Ng6 12. Be3 Bd6 13. Qd2 Nge7 14. Bd3 Bd7 {1-0 Niemann,H (2660)-Filgueiras,N (2343) Titled Tuesday intern op 29th Aug Early blitz 2023 (3)}) 9. g5 Bxe5 10. dxe5 (10. Bxe5 $14 Nxe5 11. gxf6) 10... Nd7 $15 11. Qe2 (11. Qd2 $1 $11) 11... d4 (11... O-O $15 12. Bg2 Qa5) 12. Ne4 $11 Ndxe5 13. O-O-O O-O 14. Bg2 d3 15. cxd3 (15. Qd2 $11 {is superior.}) 15... Ng6 $15 16. Bd6 Re8 17. Kb1 ({Better is} 17. d4 $15) 17... e5 $17 18. Qe3 Bg4 (18... Nd4 $17 {...Bg4 would now be deadly.} 19. Bh3 Bxh3 20. Qxh3 b6) 19. Rc1 Nf4 20. Bf1 Bf5 21. Bc5 Bxe4 22. dxe4 Qxg5 23. Bc4 Rad8 24. Rhg1 Qf6 25. Rg3 (25. Bb6 $17 Rd6 26. a4) 25... Na5 26. Bf1 ({Not} 26. Bb6 $2 Nxc4 27. Bxd8 Qe6 $19 (27... Rxd8 28. Rxc4 Rd1+ 29. Rc1 $11)) 26... Rc8 (26... Rd7 $19 27. Bb6 Nc6) 27. Bb4 (27. Qd2 $17 Nc6 28. Qd7) 27... Rxc1+ $19 28. Kxc1 Nc6 29. Bc3 Rd8 30. Bc4 (30. h3 $142) 30... b5 $19 31. Bd5 Nxd5 32. exd5 Rxd5 33. Qe4 Qe6 34. a3 a5 35. b4 $2 (35. Rd3 Rxd3 36. Qxd3) 35... axb4 36. axb4 f5 37. Qg2 $2 (37. Qc2) 37... g6 38. h4 Nd4 39. Kb2 Ne2 40. Re3 Nxc3 41. Rxc3 e4 42. Qg5 Qe5 43. Kc2 Qd4 44. Rc8+ Kf7 45. Rc7+ Rd7 46. Rxd7+ Qxd7 47. Qh6 (47. Qe3 $142) 47... Qd3+ 0-1

[Event "EIBCC 2024"]
[Site "Skopje"]
[Date "2024.12.09"]
[Round "3.17"]
[White "Van Foreest, Lucas"]
[Black "Gatineau, Yovann"]
[Result "1-0"]
[Annotator "TA"]
[ECO "C09"]
[WhiteElo "2520"]
[BlackElo "2363"]
[PlyCount "99"]
[EventDate "2024.12.07"]
[EventCountry "MKD"]
[SourceTitle "playchess.com"]
[Source "ChessBase"]
[SourceQuality "1"]
[TimeControl "180+2"]

1. e4 e6 2. d4 d5 3. Nd2 c5 4. exd5 exd5 5. Ngf3 cxd4 6. Bb5+ Nc6 7. O-O Nf6 (7... Bd6 $11) 8. Nxd4 (8. Re1+ $16 Be7 9. Qe2 (9. Nxd4 Bd7 $11)) 8... Bd7 $11 9. N2f3 {[%emt 0:00:06] The position is equal.} Be7 10. c3 O-O 11. h3 Re8 12. Bd3 h6 13. Nxc6 bxc6 14. Ne5 Bd6 15. Nxd7 Qxd7 16. Qf3 Ne4 17. Be3 Re6 18. Rad1 Rae8 (18... Rb8 {simplifies} 19. Bxe4 Rxe4 20. b3 Qe6) 19. c4 Rf6 20. Qg4 Qb7 21. Bd4 Rg6 22. Qh4 Be7 23. Qh5 Bf6 24. Bxf6 Rxf6 25. cxd5 cxd5 26. Bxe4 dxe4 (26... Rxe4 {simplifies} 27. Qxd5 Qxd5 28. Rxd5 Re2) 27. b3 Qb6 28. Qd5 e3 29. fxe3 Qxe3+ 30. Kh1 Rxf1+ 31. Rxf1 {[%emt 0:00:01][%mdl 4096] Endgame. KQR-KQR} Qe6 32. Qc5 a6 33. Qd4 Rc8 34. Qd3 g6 35. a3 Rc5 36. b4 Rd5 37. Qc3 h5 38. Re1 Qd7 39. Qf3 Rf5 40. Qa8+ Kg7 (40... Kh7 $1 $11 {remains equal.}) 41. Qxa6 $16 {[%emt 0:00:02] White is more active.} Qd2 ({Black should try} 41... Rf3 $14) 42. Qe2 $36 {[%emt 0:00:02][%mdl 2048] Black is under strong pressure.} Qc3 {[%emt 0:00:01] [#]} 43. b5 ({Only move:} 43. Rb1 $1 $16 {Qb2 is the strong threat.} Qxa3 44. b5) 43... Qxa3 (43... Rxb5 $1 $11 44. Qxb5 Qxe1+ 45. Kh2 Qc3) 44. Rb1 {[%emt 0:00:00] Black must now prevent b6.} Qd6 {[%emt 0:00:06][%mdl 8192] This move loses the game for Black.} (44... Rc5 $16) 45. b6 $18 Re5 46. Qb2 Qb8 47. b7 (47. Re1 $142 Qxb6 48. Qxe5+ (48. Qxb6 Rxe1+ 49. Kh2 Re7 $18) 48... Qf6 49. Qxf6+ Kxf6 50. Kg1) 47... f6 48. Qc3 Re8 {[%emt 0:00:03] Wards off Qc8} 49. Qc6 {[%emt 0:00:00][%cal Oc6e8] White wants to mate with Qxe8!} Qe5 {[%emt 0:00:02] [#]} 50. Qxe8 $3 {[%emt 0:00:00][%mdl 512] Weighted Error Value: White=0.21 (precise) /Black=0.38.  Loses game:     	---       	Black=1      Mistake:       	White=2     	Black=4      Inaccurate:     	White=1     	Black=1      OK:         	White=20    	Black=13     Best:        	White=3     	Black=2} 1-0

[Event "EIBCC 2024"]
[Site "Skopje"]
[Date "2024.12.09"]
[Round "3.18"]
[White "Asllani, Muhamet"]
[Black "Fridman, Daniel"]
[Result "0-1"]
[Annotator "TA"]
[ECO "D44"]
[WhiteElo "2112"]
[BlackElo "2571"]
[PlyCount "62"]
[EventDate "2024.12.07"]
[EventCountry "MKD"]
[SourceTitle "playchess.com"]
[Source "ChessBase"]
[SourceQuality "1"]
[TimeControl "180+2"]

1. d4 d5 2. Nf3 Nf6 3. c4 e6 4. Nc3 c6 5. Bg5 dxc4 6. a4 b5 7. axb5 cxb5 8. Bxf6 (8. Nxb5 $14 Qb6 9. Na3) 8... gxf6 $11 9. Nxb5 {[%emt 0:00:05][%cal Oe2e4] The position is equal.} Qb6 $1 10. Nc3 (10. Na3 $1 $11) 10... Qxb2 $15 11. Rc1 $1 Bb4 12. Qc2 (12. Qd2 $15 Qxd2+ 13. Nxd2) 12... Qxc2 $17 13. Rxc2 Nd7 14. e3 Nb6 {[%emt 0:00:01] White must now prevent ...Na4.} 15. Nd2 Bb7 16. f3 Nd5 17. Nxd5 (17. Na2 $142) 17... exd5 (17... Bxd5 $6 18. Bxc4 Rc8 19. Ke2 $11) 18. Kf2 {[%emt 0:00:06] White is weak on the dark squares} a5 19. e4 {[%emt 0:00:13] [#]} c3 ({Better is} 19... O-O $1 $19 20. exd5 Bxd2 (20... Bxd5 21. Ne4 $15) 21. Rxd2 Bxd5) 20. Bb5+ (20. Nb1 $142) 20... Kf8 (20... Ke7 $142 21. exd5 Rhd8 (21... cxd2 22. Rc7+ Kf8 23. Rxb7 $17)) 21. Nb1 dxe4 22. Nxc3 f5 23. Rd1 ({White should try} 23. Bd7) 23... Rc8 $36 {[%emt 0:00:07][%mdl 2048] Keeping White busy.} 24. Rdc1 Kg7 25. Na2 (25. fxe4 $17 Rhd8 (25... fxe4 $2 26. Ke3 $17) (25... Bxe4 26. Nxe4 Rxc2+ 27. Rxc2 $15) 26. Nd5) 25... Bd6 26. Bd7 (26. Rxc8 $142 Rxc8 27. Rxc8 Bxc8 28. Bc6) 26... Rxc2+ $19 27. Rxc2 Kf6 (27... Bxh2 28. Bxf5 exf3 29. gxf3) (27... f4 $19 {and Black stays clearly on top. Threatens to win with ...e3+.} 28. fxe4 Bxe4) 28. Rb2 $17 Rb8 29. Nc3 ({White has to play} 29. Rb6 $15) 29... Bb4 $19 ({Don't take} 29... Bxh2 30. g3 e3+ (30... exf3 31. Rb6+ Kg5 32. Rb5 $11) 31. Kxe3 Bg1+ (31... Bxg3 32. Rb6+ Kg7 33. f4 $15) 32. Kd2 $17) 30. Na2 (30. Ne2 $142) 30... Bd5 {[%emt 0:00:01] A strong pair of Bishops.} 31. Ba4 $2 {[%emt 0:00:03] [#]} (31. Nc3 Bc4 (31... Bxc3 32. Rxb8 Bxd4+ 33. Ke1 $15) 32. Ba4) 31... Be1+ $1 {[%emt 0:00:03][%mdl 512] Weighted Error Value: White=0.60/Black=0.22 (precise) .  Mistake:       	White=11    	Black=3      Inaccurate:     	---       	Black=3      OK:         	White=3     	Black=6      Best:        	White=5     	Black=3      Strong:       	White=1     	Black=1} 0-1

[Event "EIBCC 2024"]
[Site "Skopje"]
[Date "2024.12.09"]
[Round "3.19"]
[White "Quparadze, Giga"]
[Black "Popovic, Milos T"]
[Result "1-0"]
[Annotator "TA"]
[ECO "B30"]
[WhiteElo "2537"]
[BlackElo "2334"]
[PlyCount "123"]
[EventDate "2024.12.07"]
[EventCountry "MKD"]
[SourceTitle "playchess.com"]
[Source "ChessBase"]
[SourceQuality "1"]
[TimeControl "180+2"]

1. e4 c5 2. Nf3 Nc6 3. Bb5 e5 4. O-O Nge7 5. c3 g6 6. d4 cxd4 7. cxd4 exd4 8. Nxd4 Bg7 9. Be3 O-O 10. Nc3 d5 11. exd5 {[%emt 0:00:07] B30: Sicilian: 2...Nc6 3 Bb5, lines without ...g6.} Nxd5 12. Nxc6 bxc6 13. Bxc6 Nxe3 14. fxe3 Rb8 15. Qxd8 Rxd8 16. Bd5 Be6 17. Bxe6 fxe6 18. Rab1 $146 ({Predecessor:} 18. Kf2 Rxb2+ {½-½ Houska,J (2404)-Silva Lillo,S (2369) FRA-chT1A 0708 2007 (1.3)}) 18... Rd2 19. Na4 Rb4 20. b3 Bh6 21. Rbe1 Rxa2 22. Nc5 (22. Rf2 $15 Rxf2 23. Kxf2) 22... Rb5 $17 23. Nxe6 Rxb3 24. Rd1 Rb8 (24... Bxe3+ $17 25. Kh1 Rf2) 25. e4 (25. Rd3 $11 {remains equal.}) 25... Re2 26. Kh1 Rxe4 27. Nc5 Rf4 28. Rfe1 (28. Rxf4 $142 Bxf4 29. g3) 28... Bf8 (28... a5 $17 29. g3 Rf5) 29. Ne6 Rf7 (29... Ra4 $17) 30. Nd4 $2 ({White should try} 30. Nxf8 $15 Rbxf8 (30... Kxf8 31. Ra1 $11) 31. g4) 30... Rd8 (30... a5 $19 {Strongly threatening ...a4.} 31. g3 a4) 31. Nc6 (31. Ne6 $17 {was necessary.} Rxd1 32. Rxd1) 31... Rxd1 $19 32. Rxd1 Bc5 (32... Rc7 $19 33. Ne5 a5) 33. g3 Kg7 34. Nd8 Re7 35. Nc6 Rc7 36. Ne5 (36. Nb8 $17 {was worth a try.}) 36... Bb6 37. Nf3 (37. Nd7 $17 {is a better defense.}) 37... a5 $19 38. Ng5 Ra7 39. Ne6+ (39. Rf1 $142) 39... Kf6 $19 40. Nf4 Bc5 41. Rc1 Bb4 42. Nd5+ (42. Kg2 $142) 42... Ke5 $19 43. Ne3 $2 (43. Nf4) 43... Ke4 44. Nc4 Kd3 45. Nb2+ Kd2 46. Rc4 Rd7 47. Na4 Kd3 48. Rc6 Ke4 49. Kg2 Rd2+ 50. Kh3 Ra2 (50... Kf5 $142 51. Rb6 Ra2 52. Rb5+ Ke4) 51. Nb6 a4 $2 (51... Kd3 $19 {White must now prevent ...Rc2.} 52. Rc7 h5) 52. Rc4+ $14 Kd3 53. Rxb4 a3 54. Rb3+ Kc2 $2 (54... Kd4 $11 {and Black is okay.}) 55. Rf3 Rb2 $2 {[%emt 0:00:04] [#]} (55... Ra1 56. Na4 h5) 56. Rf2+ $2 (56. Nc4 $1 $18) 56... Kd3 57. Rf3+ Ke4 $2 (57... Kc2 $11) 58. Rf4+ $18 ({Weaker is} 58. Rxa3 Rxb6 59. Ra4+ Kf5 $11) 58... Kd3 {[%emt 0:00:02] [#]} 59. Nc4 $1 a2 $2 (59... Ra2 $18 60. Nxa3 g5 61. Rf3+ Ke4) 60. Nxb2+ Kc2 61. Ra4 Kxb2 62. Kg4 1-0

[Event "EIBCC 2024"]
[Site "Skopje"]
[Date "2024.12.09"]
[Round "3.20"]
[White "Mastrovasilis, Dimitrios"]
[Black "Perunovic, Miodrag"]
[Result "1-0"]
[Annotator "TA"]
[ECO "C47"]
[WhiteElo "2537"]
[BlackElo "2357"]
[PlyCount "33"]
[EventDate "2024.12.07"]
[EventCountry "MKD"]
[SourceTitle "playchess.com"]
[Source "ChessBase"]
[SourceQuality "1"]
[TimeControl "180+2"]

1. e4 e5 2. Nf3 Nc6 3. Nc3 Nf6 4. d4 exd4 5. Nxd4 Nxe4 6. Nxe4 Qe7 $1 7. Bd3 Nxd4 8. O-O $1 d5 {[%emt 0:00:07] [#]} 9. Bc4 $1 {[%emt 0:00:07] White has an edge.} dxc4 (9... Qxe4 $2 {loses.} 10. Re1 $18) ({Reject} 9... Qe5 $6 10. Nc3 Be6 (10... dxc4 11. Re1 $16) 11. Re1 $16) (9... Be6 10. Bg5) 10. Qxd4 {[%emt 0:00:03][%cal Oc1g5] Black must now prevent Bg5!} Be6 11. Bg5 Qd7 12. Qc3 {[%emt 0:00:14][%mdl 1024] Hoping for Rad1. White has compensation.} h6 13. Bh4 {[%emt 0:00:14] Rad1 is the strong threat.} f5 14. Rad1 $36 {[%emt 0:00:19][%mdl 2048] White fights for an advantage.} Qf7 {[%emt 0:00:30] [#]} (14... Qc6 $11 15. Ng3 Kf7) 15. Qd4 $1 $16 {[%emt 0:00:15] White is much more active. The black rooks are passive.} Be7 {[%emt 0:00:06] [#] Repels Qd8+} ({Not} 15... fxe4 16. Qd8+ Rxd8 17. Rxd8#) (15... Qd7 $16 16. Qe3 Bd6) 16. Nc5 $1 $18 Bxc5 {[%emt 0:00:08] [#]} (16... O-O $18) 17. Qd8+ $3 {[%emt 0:00:07][%mdl 512] Weighted Error Value: White=0.05 (flawless) /Black=0.85.  Mistake:       	---       	Black=3      OK:         	White=3     	Black=5      Best:        	White=1     	Black=1      Strong:       	White=3     	---        Brilliant:      	White=1     	---} 1-0